 Dungeon Crawl Stone Soup version 0.23.2-11-gf996548c65 (webtiles) character file.

Game seed: 18100568028199875067

41 troglodite the Charmwright (level 3, 0/18 HPs)
             Began as a Spriggan Skald on June 6, 2019.
             Slain by an iguana (15 damage)
             ... on level 2 of the Dungeon.
             The game lasted 00:03:06 (1728 turns).

troglodite the Charmwright (Spriggan Skald)         Turns: 1728, Time: 00:03:07

Health: 0/18       AC:  2    Str:  7    XL:     3   Next: 32%
Magic:  5/8        EV: 19    Int: 15    God:
Gold:   75         SH:  0    Dex: 15    Spells: 3/7 levels left

rFire    . . .     SeeInvis +   a - +0 short sword
rCold    . . .     Gourm    .   (shield restricted)
rNeg     . . .     Faith    .   b - +0 robe
rPois    .         Spirit   .   (helmet restricted)
rElec    .         Reflect  .   (no cloak)
rCorr    .         Harm     .   (gloves unavailable)
MR       .....                  (boots unavailable)
Stlth    ++........             (no amulet)
HPRegen  0.06/turn              g - ring of wizardry
MPRegen  0.11/turn              (no ring)

@: infused, very quick
A: very small, unfitting armour, see invisible, herbivore, speed 3, slow
metabolism 2
a: no special abilities


You were on level 2 of the Dungeon.
You were not hungry.

You visited 1 branch of the dungeon, and saw 2 of its levels.

You collected 75 gold pieces.

Inventory:

Hand Weapons
 a - a +0 short sword (weapon)
Armour
 b - a +0 robe (worn)
Jewellery
 g - a ring of wizardry (left hand)
Scrolls
 e - a scroll of blinking {unknown}
 f - a scroll of magic mapping {unknown}
 h - 2 scrolls of teleportation {unknown}
Potions
 c - a potion of degeneration {unknown}
 i - a potion of curing {unknown}
Comestibles
 d - 3 rations


   Skills:
 + Level 1.6 Fighting
 * Level 2.9 Short Blades
 * Level 4.2 Dodging
 * Level 0.8 Stealth
 * Level 2.9 Spellcasting
 * Level 5.0 Charms


You had 3 spell levels left.
You knew the following spells:

 Your Spells              Type           Power        Failure   Level  Hunger
a - Infusion              Chrm           ###.         1%          1    #......
b - Regeneration          Chrm/Necr      #.........   9%          3    ###....

Your spell library contained the following spells:

 Spells                   Type           Power        Failure   Level  Hunger
 Song of Slaying          Chrm           ###.....     1%          2    ##.....
 Shroud of Golubria       Chrm/Tloc      #.........   4%          2    ##.....
 Spectral Weapon          Hex/Chrm       #.......     9%          3    ###....


Dungeon Overview and Level Annotations

Branches:
Dungeon (2/15)

Altars:


Innate Abilities, Weirdness & Mutations

You are very small and have problems with some larger weapons.
You are too small for most types of armour.
You have supernaturally acute eyesight. (SInv)
You are a herbivore.
You cover ground extremely quickly.
You need to consume almost no food.


Message History

You now have 75 gold pieces (gained 14).
h - a scroll labeled IFFOEPH FIB GEAT;
i - a ruby potion
h - 2 scrolls labeled IFFOEPH FIB GEAT (gained 1)
An iguana comes into view.
An iguana is nearby!
A bat comes into view.
Casting: Infusion (safe; 1% risk of failure)
Confirm with . or Enter, or press ? or * to list all spells.
You begin infusing your attacks with magical energy.
You hit the iguana.
The iguana is moderately wounded.
The iguana closely misses you.
You hit the iguana but do no damage.
The iguana is moderately wounded.
The iguana completely misses you.
You hit the iguana.
The iguana is moderately wounded.
The iguana bites you!
Ouch! That really hurt!
You die...

# ###. # #.. #
############ #.. #
#..........###.#
###.########.#..l#
.........#
#.###@##.#
....#.##.#
#........#
.##.#.##.#
#######..#
....#....# ....#
....###### ..b.#
.##.# ....# .##.#
##.# ###.# .# ###


You could see an iguana and a bat (sleeping).

Vanquished Creatures
  2 oozes (D:1)
  2 dart slugs (D:1)
  2 leopard geckos (D:1)
  2 goblins
  2 hobgoblins (D:1)
  A ball python (D:1)
  7 bats
  3 frilled lizards
  3 kobolds (D:1)
  5 rats
29 creatures vanquished.

Notes
Turn   | Place    | Note
-------+----------+-------------------------------------------
     0 | D:1      | troglodite the Spriggan Skald began the quest for the Orb.
     0 | D:1      | Reached XP level 1. HP: 10/10 MP: 5/5
    77 | D:1      | Reached XP level 2. HP: 9/14 MP: 6/6
   743 | D:1      | Reached skill level 5 in Charms
   915 | D:1      | Reached XP level 3. HP: 17/18 MP: 8/8
  1152 | D:1      | Learned a level 3 spell: Regeneration
  1728 | D:2      | Slain by an iguana

Skill      XL: |  1  2 |
---------------+-------+-----
Dodging        | 4 |  4.2
Charms         | 5 |  5.0
Fighting       | |  1.6
Short Blades   | |  2.9
Stealth        | |  0.8
Spellcasting   | |  2.9

Action                   || total
-------------------------++-------
Melee: Short sword       ||   139
 Cast: Infusion          ||     3
 Stab: Sleeping          ||     3
Armor: Robe              ||    20
Dodge: Dodged            ||   128
